 Dungeon Crawl Stone Soup version 0.30-a0-879-ga8ba668304 (webtiles) character file.

Game seed: 5584138565036672444

125884 holysushi the Acrobat (level 16, -11/81 HPs)
             Began as a Felid Monk on Mar 12, 2023.
             Was an Elder of Yredelemnul.
             Mangled by a cyclops (68 damage)
             ... on level 4 of the Shoals.
             The game lasted 01:28:12 (38772 turns).

holysushi the Acrobat (Felid Monk)                 Turns: 38772, Time: 01:28:13

Health: -11/81     AC:  9    Str:  7    XL:     16   Next: 12%
Magic:  19/26      EV:  4    Int: 12    God:    Yredelemnul [****..]
Gold:   2598       SH:  0    Dex: 26    Spells: 15/15 levels left
                                        Lives:  0   Deaths: 4

rFire   . . .      SeeInvis +      - Unarmed
rCold   + . .      Faith    .    (shield unavailable)
rNeg    . . .      Spirit   .    (body armour unavailable)
rPois   .          Reflect  .    (helmet unavailable)
rElec   .          Rampage  .    (cloak unavailable)
rCorr   +                        (gloves unavailable)
Will    ++...                    (boots unavailable)
Stlth   +++++++                  h - amulet of regeneration
HPRegen 1.13/turn                t - +4 ring of protection
MPRegen 0.20/turn                T - ring of the Octopus King {rCorr HP+2 AC+2 EV+2 SH+2}

@: sleeping, quick
A: very small, claws 1, fangs 3, see invisible, speed 1, shaggy fur 3, stealthy
paws, no weapons or thrown items, no armour, multi-lived
}: 1/15 runes: gossamer
a: Renounce Religion, Recall Undead Harvest, Dark Bargain, Drain Life


You were on level 4 of the Shoals.
You worshipped Yredelemnul.
Yredelemnul was pleased with you.
You visited 6 branches of the dungeon, and saw 31 of its levels.

You collected 2848 gold pieces.
You spent 231 gold pieces at shops.
You donated 19 gold pieces to Zin.

Inventory:

Jewellery
 h - an amulet of regeneration (around neck)
 o - a ring of protection from fire
 t - a +4 ring of protection (left paw)
 F - a ring of fire
 H - a ring of ice
 O - a ring of wizardry
 P - a +4 ring of protection
 T - a ring of the Octopus King (right paw) {rCorr HP+2 AC+2 EV+2 SH+2}
   (You found it on level 1 of the Shoals)

   [ring of resist corrosion]

   AC:        It affects your AC (+2).
   EV:        It affects your evasion (+2).
   HP:        It affects your health (+2).
   rCorr:     It protects you from acid and corrosion.
   SH:        It affects your SH (+2).
 V - a ring of flight
Wands
 v - a wand of flame (22)
 y - a wand of digging (9)
 C - a wand of charming (5)
 G - a wand of mindburst (8)
 N - a wand of polymorph (19)
 S - a wand of acid (8)
Scrolls
 a - 18 scrolls of identify
 c - a scroll of fear
 e - 2 scrolls of brand weapon
 f - 5 scrolls of amnesia
 i - 6 scrolls of magic mapping
 j - 2 scrolls of silence
 l - 19 scrolls of teleportation
 m - 2 scrolls of blinking
 p - 2 scrolls of enchant armour
 q - 8 scrolls of poison
 r - 3 scrolls of noise
 s - 5 scrolls of immolation
 u - 4 scrolls of enchant weapon
 w - 4 scrolls of vulnerability
 E - 5 scrolls of fog
Potions
 b - 6 potions of might
 d - 4 potions of resistance
 g - 8 potions of flight
 k - 6 potions of haste
 n - 3 potions of cancellation
 x - 2 potions of mutation
 z - 4 potions of curing
 A - 5 potions of heal wounds
 B - 4 potions of invisibility
 D - 4 potions of lignification
 I - 5 potions of brilliance
 J - 5 potions of ambrosia
 K - 5 potions of attraction
 Q - a potion of magic {unknown}
 R - 2 potions of berserk rage {unknown}
Miscellaneous
 L - a condenser vane (inert)
 M - a phantom mirror (inert)
 U - a phial of floods


   Skills:
 - Level 14.0 Fighting
 + Level 21.7 Dodging
 - Level 18.0 Stealth
 - Level 18.6 Unarmed Combat
 + Level 12.9 Invocations
 - Level 3.0 Evocations


You had 15 spell levels left.
You didn't know any spells.
Your spell library contained the following spells:

 Spells                   Type           Power      Damage    Failure   Level
 Kiss of Death            Conj/Necr      0%         2d5       32%         1
 Slow                     Hex            0%         N/A       32%         1
 Sting                    Tmut/Pois      0%         1d3       32%         1
 Summon Small Mammal      Summ           0%         N/A       32%         1
 Blink                    Tloc           0%         N/A       45%         2
 Cigotuvi's Dreadful Rot  Necr/Pois/Air  0%         N/A       45%         2
 Ensorcelled Hibernation  Hex/Ice        0%         N/A       45%         2
 Lesser Beckoning         Tloc           0%         N/A       45%         2
 Momentum Strike          Conj/Tloc      0%         3d8       45%         2
 Poisonous Vapours        Pois/Air       0%         N/A       45%         2
 Scorch                   Fire           0%         2d5       45%         2
 Call Canine Familiar     Summ           0%         N/A       69%         3
 Confusing Touch          Hex            0%         N/A       69%         3
 Dazzling Flash           Conj/Hex       0%         N/A       69%         3
 Frozen Ramparts          Ice            0%         1d1       69%         3
 Gell's Gravitas          Tloc           0%         N/A       69%         3
 Ignite Poison            Fire/Tmut/Pois 0%         N/A       69%         3
 Inner Flame              Hex/Fire       0%         N/A       69%         3
 Spider Form              Tmut/Pois      0%         N/A       69%         3
 Summon Guardian Golem    Hex/Summ       0%         N/A       69%         3
 Teleport Other           Tloc           0%         N/A       69%         3
 Vampiric Draining        Necr           0%         2d6       69%         3
 Airstrike                Air            0%         2d(0-16)  97%         4
 Anguish                  Hex/Necr       0%         N/A       97%         4
 Dispel Undead            Necr           0%         3d6       97%         4
 Flame Wave               Conj/Fire      0%         2d4       97%         4
 Ice Form                 Ice/Tmut       0%         N/A       97%         4
 Iskenderun's Mystic Bla  Conj/Tloc      0%         2d3       97%         4
 Leda's Liquefaction      Hex/Erth       0%         N/A       97%         4
 Olgreb's Toxic Radiance  Pois           0%         N/A       97%         4
 Petrify                  Tmut/Erth      0%         N/A       97%         4
 Sticky Flame             Conj/Fire      0%         2d3       97%         4
 Summon Ice Beast         Ice/Summ       0%         N/A       97%         4
 Summon Lightning Spire   Summ/Air       0%         N/A       97%         4
 Freezing Cloud           Conj/Ice/Air   0%         6-21      100%        5
 Iskenderun's Battlesphe  Conj           0%         2d6       100%        5
 Lee's Rapid Deconstruct  Erth           0%         3d4*      100%        5
 Lightning Bolt           Conj/Air       0%         1d11      100%        5
 Metabolic Englaciation   Hex/Ice        0%         N/A       100%        5
 Dispersal                Tloc           0%         N/A       100%        6
 Iron Shot                Conj/Erth      0%         9d1       100%        6
 Starburst                Conj/Fire      0%         6d3       100%        6
 Statue Form              Tmut/Erth      0%         N/A       100%        6
 Summon Cactus Giant      Summ           0%         N/A       100%        6
 Spellforged Servitor     Conj/Summ      0%         N/A       100%        7
 Ignition                 Fire           0%         3d3       100%        8
 Polar Vortex             Ice            0%         N/A       100%        9
 Death Channel            Necr           Unusable   N/A       N/A         6
 Simulacrum               Ice/Necr       Unusable   N/A       N/A         6

Dungeon Overview and Level Annotations

Branches:
Dungeon (15/15) Zot: 26091  Temple (0/1) D:7            Lair (5/5) D:8 Zot: 24293
 Shoals (4/4) Lair:3 Zot: 26764  Spider (4/4) Lair:2 Zot: 20378   Slime (1/5) Lair:5 Zot: 5978
    Orc (2/2) D:10 Zot: 10574     Elf (0/3) Orc:2        Vaults (0/5) D:14
 Depths (0/4) D:15

Altars:
Elyvilon
Fedhas
Makhleb
Nemelex Xobeh
Okawaru
Sif Muna
Uskayaw
Xom
Yredelemnul
Zin
The Shining One
Jiyva

Shops:
D:1 [   D:5 ?:   D:7 :   D:8 =   Orc:1 [   Orc:2 [(*(

Annotations:
D:12 1 runed translucent door, holysushi's ghost, journeyman FeAr
Lair:5 1 runed translucent door, exclusion: obsidian statue, Efoyz's ghost, journeyman HuIE
Shoals:2 3 runed translucent doors, Zilibas's ghost, adept MiBe
Spider:1 Roxanne


Innate Abilities, Weirdness & Mutations

You have sharp claws.
You have razor-sharp teeth.
You have supernaturally acute eyesight. (SInv)
You cover ground quickly. (Speed+)
Your thick and shaggy fur keeps you warm. (AC +3, rC+)
Your paws help you pounce on unaware monsters.
You are incapable of wielding weapons or throwing items.
You cannot wear armour.
You gain extra lives every three experience levels.


Message History

The harpy is severely wounded.
Your harpy zombie claws the harpy!
Your harpy zombie claws the harpy.
The harpy misses your bound manticore.
The harpy claws your bound manticore but does no damage.
The harpy claws something. x2
Your harpy zombie closely misses the harpy.
Your harpy zombie claws the harpy.
You mangle the harpy!!
You kill the harpy!
The harpy claws your flayed ghost! The harpy claws your flayed ghost.
Your harpy zombie claws the harpy.
Your harpy zombie claws the harpy!
Your bound manticore bites the harpy!
Your bound manticore drains the harpy.
Your bound manticore claws the harpy. x2
Your flayed ghost cries, "Suffer as I suffered!"
The harpy claws your harpy zombie! The harpy claws your harpy zombie.
The cyclops hits your harpy zombie!!
Your harpy zombie is destroyed!
The harpy barely misses your bound manticore.
The harpy completely misses your bound manticore.
You closely miss the harpy. You claw the harpy!
The harpy is severely wounded.
Your harpy zombie claws the harpy!
The harpy dies!
The dead are flying!
The harpy completely misses you. The harpy misses you.
Your bound manticore bites the harpy!!
The harpy dies!
You can now drain ambient life force.
A merfolk comes into view. It is wielding a +0 trident.
Your harpy zombie claws the cyclops.
Your harpy zombie completely misses the cyclops.
Your harpy zombie claws the dream sheep. x2
Your harpy zombie claws the cyclops. x2
The dream sheep shake their wool and sparkle.
You feel drowsy...
You fall asleep.
The dream sheep bites your harpy zombie!
Your harpy zombie claws the cyclops but does no damage. x2
The cyclops hits you!!!
Ouch! That really hurt!
You die...
Your body rises from the dead as a mindless zombie.

P.. .. ~ #P. ..# ~~#≈≈##
#≈≈#~ ~~~~~ ~~~~~~ .. .mP.
.... . P..P#..##YD#.P.
..mP..mZCYZ.... #####
##########@Z###########....
#8.......ZZWZ.......8#. ≈≈≈
#.....##~~~V~~~#...).#.≈ #≈
#..~~~~~~#~..~~~~~...#.≈##≈
#.Z~~~.#.~.##.#~~~~..#.≈≈≈≈
#..#~~~~~.~~.~~~~~#..#.8...
#.....~.~~~~~~.~.....#.≈≈≈≈
#8..................8#.≈##≈
###########..##########.≈##≈


You could see a storm dragon, a merfolk impaler, 2 merfolk, a cyclops (ally
target), 2 dream sheep, a friendly vampire knight (summoned), a friendly flayed
ghost (summoned), a friendly bound manticore, a friendly hog zombie, 3 friendly
harpy zombies and a friendly water nymph zombie.

Vanquished Creatures
  Mlioglotl (Spider:1)
  Kirke (Shoals:4)
  Donald (Shoals:3)
  4 emperor scorpions
  Aizul (Spider:1)
  4 ghost moths (Spider:4)
  An orc warlord (Orc:2)
  A broodmother (Spider:2)
  2 dire elephants (Lair:5)
  2 entropy weavers
  2 fire dragons
  4 merfolk impalers
  A spectral kraken (Shoals:1)
  2 hydras
  5 two-headed ogres
  4 radroaches
  A merfolk avatar (Shoals:3)
  A catoblepas (D:15)
  3 boulder beetles
  A jorogumo (Spider:4)
  A merfolk aquamancer (Shoals:4)
  Erica (D:10)
  8 centaur warriors
  A satyr (Shoals:3)
  An alligator snapping turtle (Shoals:3)
  A tengu warrior (D:15)
  A skyshark (Shoals:1)
  2 pharaoh ants
  10 skeletal warriors
  2 sun moths
  4 orb spiders
  4 sea snakes
  A spectral anaconda (Lair:5)
  A phantasmal warrior (D:14)
  A wizard (D:14)
  Pikel (D:4)
  7 ugly things
  A necromancer (Lair:5)
  An orc knight (Orc:2)
  3 harpies
  6 steelbarb worms
  11 wolf spiders
  6 fauns
  An orc sorcerer (Orc:2)
  6 manticores
  7 cyclopes
  8 elephants
  3 centaur zombies (D:14)
  6 merfolk sirens
  3 moths of wrath
  Joseph (Lair:1)
  A water nymph (Shoals:2)
  2 black mambas
  4 demonic crawlers
  4 torpor snails
  A spectral sea snake (Shoals:1)
  9 cane toads
  A freezing wraith (D:14)
  A rime drake (D:8)
  An unseen horror (D:12)
  3 trolls
  7 komodo dragons
  11 merfolk
  4 redback zombies
  4 wind drakes
  3 polar bears
  A harpy zombie (D:14)
  A moth of wrath zombie (Spider:3)
  Grinder (D:4)
  5 meliai
  2 culicivora zombies
  A tarantella zombie (Spider:4)
  A spectral elephant (Lair:5)
  14 tarantellas
  12 blink frogs
  A jumping spider zombie (Spider:1)
  5 dream sheep
  10 jumping spiders
  9 snapping turtles
  6 shadows
  2 vampires
  3 slime creatures
  9 wraiths
  4 water elementals (Shoals:4)
  A wyvern (D:9)
  7 hogs (Shoals:4)
  28 yaks
  9 culicivoras
  3 basilisks
  4 vampire mosquitoes (D:13)
  A steam dragon (D:7)
  31 redbacks
  A spectral cane toad (Lair:5)
  5 acid dragons
  2 swamp worms (D:10)
  5 water moccasins
  A spectral snapping turtle (Shoals:1)
  6 ice beasts
  14 orc warriors
  A hornet zombie (D:14)
  2 elephant zombies (Lair:5)
  A sky beast (D:7)
  A black bear (D:6)
  2 blink frog zombies
  4 boggarts (Lair:5)
  18 wolves
  An elephant skeleton (Lair:5)
  3 ogres
  2 hog zombies (Shoals:4)
  2 phantoms
  14 centaurs
  3 kobold brigands
  12 bullfrogs
  2 gnoll sergeants
  4 scorpions
  An elephant simulacrum (Lair:5)
  7 killer bees (D:9)
  2 electric eels
  5 hounds
  A bullfrog zombie (Lair:1)
  13 orc priests
  3 jellies
  3 sleepcaps
  A boggart zombie (Lair:5)
  5 iguanas
  14 orc wizards
  3 hell rats (Lair:3)
  2 kobold zombies (D:11)
  3 ogre zombies (D:10)
  11 adders
  8 gnolls
  A shadow imp (D:7)
  A white imp (D:5)
  4 ufetubi
  4 worms
  8 dart slugs
  43 orcs
  4 ball pythons
  3 bats
  8 endoplasms
  4 giant cockroaches
  5 goblins
  2 hobgoblins (D:1)
  8 jackals
  8 kobolds
  4 quokkas
  4 frilled lizards
  A goblin skeleton (D:10)
  2 hobgoblin zombies (D:10)
  3 orc skeletons (D:10)
  7 orc zombies
  3 rats
694 creatures vanquished.

Vanquished Creatures (collateral kills)
  The ghost of Mofoompusch the Warrior, an adept NaCA of Ignis (Shoals:1)
  An acid blob (Slime:1)
  A rockslime (Lair:5)
  An emperor scorpion (Spider:3)
  A frost giant (D:15)
  A ghost moth (Spider:1)
  A broodmother (Spider:4)
  A stone giant (Shoals:2)
  The ghost of Gint the Severer, a journeyman HOFi of Uskayaw (D:13)
  4 dire elephants (Lair:5)
  Harold (D:10)
  A hydra (D:15)
  3 boulder beetles
  2 catoblepae
  3 centaur warriors
  An alligator snapping turtle (Shoals:1)
  3 death yaks (Lair:3)
  A tengu warrior (D:15)
  A spectral dire elephant (Lair:5)
  4 skysharks
  3 pharaoh ants
  4 orb spiders
  3 skeletal warriors
  2 necromancers (Lair:5)
  2 orc knights (Orc:2)
  6 harpies
  3 steelbarb worms
  2 manticores
  13 wolf spiders
  A cyclops (D:15)
  6 ugly things
  2 fauns (Shoals:3)
  2 elephants
  2 merfolk sirens (Shoals:2)
  3 moths of wrath (Spider:1)
  A centaur zombie (D:14)
  2 water nymphs (Shoals:4)
  2 torpor snails
  A dire elephant zombie (Lair:5)
  2 black mambas
  4 demonic crawlers
  7 cane toads
  A kobold demonologist (D:11)
  A spectral sea snake (Shoals:1)
  6 komodo dragons
  A rime drake (Lair:5)
  5 merfolk
  4 meliai
  A troll (Orc:2)
  16 tarantellas
  9 blink frogs
  A raiju (shapeshifter) (D:15)
  A wind drake (Shoals:1)
  3 snapping turtles
  3 spectral elephants (Lair:5)
  3 dream sheep (Lair:4)
  An air elemental (Shoals:4)
  A slime creature (Lair:5)
  8 jumping spiders
  14 culicivoras
  5 water elementals
  2 wyverns
  22 yaks
  3 fire bats (Lair:4)
  A wraith (D:14)
  3 death yak simulacra (Lair:5)
  3 wargs
  20 redbacks
  2 basilisks
  5 vampire mosquitoes (D:13)
  A swamp worm (D:10)
  A spectral cane toad (Lair:5)
  A spectral snapping turtle (Shoals:1)
  3 water moccasins
  17 orc warriors
  16 centaurs
  An elephant skeleton (Lair:5)
  An ogre (Orc:1)
  8 wolves
  A phantom (D:10)
  A kobold brigand (D:10)
  4 bullfrogs
  2 gnoll sergeants (D:9)
  A wight (D:9)
  A killer bee (D:9)
  A troll zombie (D:10)
  3 elephant simulacra (Lair:5)
  A howler monkey (D:9)
  2 electric eels
  6 orc priests
  6 orc wizards (Orc:2)
  A hell rat (Lair:3)
  2 ogre zombies (D:10)
  A white imp (D:6)
  24 orcs
  13 kobolds
  A goblin skeleton (D:10)
  2 goblin zombies (D:10)
  A hobgoblin skeleton (D:10)
  3 orc zombies (D:10)
  A tentacle (Shoals:1)
378 creatures vanquished.

Vanquished Creatures (others)
  A spectral human (Lair:5)
  A spectral hydra (Shoals:1)
  A spectral broodmother (Spider:4)
  A spectral radroach (D:9)
  A ghost moth zombie (Spider:4)
  2 wolf spider zombies (Spider:3)
  An ugly thing zombie (D:15)
  A catoblepas zombie (D:15)
  3 orb spider zombies
  An unseen horror zombie (D:12)
  8 redback zombies
  A harpy zombie (Shoals:4)
  2 spectral black mambas
  2 demonic crawler zombies (Spider:3)
  A tarantella (Spider:4)
  3 culicivora zombies
  2 boulder beetle zombies
  3 jumping spider zombies
  A fire dragon zombie (D:14)
  A meliai zombie (Spider:4)
  2 tarantella zombies
  A spectral entropy weaver (Spider:4)
  A radroach zombie (Spider:3)
  A redback (Spider:4)
  A two-headed ogre zombie (D:9)
  2 merfolk zombies
  3 cane toad zombies (Lair:5)
  An entropy weaver zombie (Spider:4)
  An elephant zombie (Lair:1)
  5 blink frog zombies (Lair:5)
  A hog zombie (Shoals:4)
  2 rime drake zombies
  2 vampire mosquito zombies (D:13)
  2 komodo dragon zombies
  A wyvern zombie (D:9)
  A water moccasin zombie (Lair:4)
  10 yak zombies
  A spectral orc (D:14)
  A wolf zombie (Lair:1)
  5 bullfrog zombies
  12 centaur zombies
  2 scorpion zombies
  A boggart zombie (Lair:5)
  4 killer bee zombies (D:9)
  2 ice beast zombies (D:8)
  2 spectral electric eels (Lair:5)
  A jelly zombie (D:6)
  A spectral shadow imp (D:7)
  An orc (Orc:2)
  4 gnoll zombies
  A goblin (D:4)
  4 kobold zombies (D:10)
  27 orc zombies
  A spectral ufetubus (D:7)
  A bush (Lair:5)
  42 fungi
  157 plants
  9 tentacles (Shoals:1)
  19 withered plants
372 creatures vanquished.

Grand Total: 1444 creatures vanquished

Notes
Turn   | Place    | Note
-------+----------+-------------------------------------------
     0 | D:1      | holysushi the Felid Monk began the quest for the Orb.
     0 | D:1      | Reached XP level 1. HP: 10/10 MP: 2/2
   185 | D:1      | Reached XP level 2. HP: 13/14 MP: 3/3
   265 | D:1      | Found Ofa Pum's Antique Armour Emporium.
   731 | D:1      | Reached XP level 3. HP: 17/17 MP: 4/4
   973 | D:2      | Found a faded altar of an unknown god.
   988 | D:2      | Prayed at the altar of an unknown god.
   988 | D:2      | Became a worshipper of Zin the Law-Giver
   988 | D:2      | Reached * piety under Zin
   988 | D:2      | Reached ** piety under Zin
  1203 | D:2      | Reached *** piety under Zin
  1242 | D:2      | Noticed a scorpion
  1267 | D:2      | Killed a scorpion
  1268 | D:2      | Reached skill level 1 in Invocations
  1268 | D:2      | Reached XP level 4. HP: 21/21 MP: 4/6
  1364 | D:2      | Reached skill level 5 in Unarmed Combat
  1544 | D:2      | Reached XP level 5. HP: 24/24 MP: 7/7
  1926 | D:3      | Found an iron altar of Okawaru.
  2239 | D:3      | Reached **** piety under Zin
  2348 | D:4      | Found a white marble altar of Elyvilon.
  2407 | D:4      | Noticed a lemure
  2408 | D:4      | Noticed Pikel
  2409 | D:4      | Noticed a lemure
  2410 | D:4      | Noticed a lemure
  2415 | D:4      | Noticed a lemure
  2459 | D:5      | Entered Level 5 of the Dungeon
  2471 | D:5      | Gained mutation: You are covered in thick fur. (AC +2)
                  | [Felid growth]
  2471 | D:5      | Reached XP level 6. HP: 23/28 MP: 9/9
  2624 | D:5      | Found a burning altar of Makhleb.
  2782 | D:5      | Found Voclo's Magic Scroll Emporium.
  2900 | D:5      | Bought a scroll of teleportation for 36 gold pieces
  2900 | D:5      | Bought a scroll of magic mapping for 90 gold pieces
  3082 | D:5      | Found a basalt altar of Yredelemnul.
  3101 | D:5      | Found Myekaar's Book Shoppe.
  3235 | D:4      | Found a shimmering altar of Xom.
  3277 | D:4      | Reached XP level 7. HP: 31/31 MP: 11/11
  3388 | D:4      | Noticed Grinder
  3434 | D:4      | Paralysed by Grinder for 4 turns
  3471 | D:4      | Paralysed by Grinder for 4 turns
  3529 | D:4      | Paralysed by Grinder for 2 turns
  3617 | D:4      | Reached skill level 5 in Dodging
  3684 | D:4      | Paralysed by Grinder for 5 turns
  3697 | D:4      | Killed Grinder
  3698 | D:4      | Reached skill level 6 in Dodging
  3954 | D:4      | Killed Pikel
  3955 | D:4      | Reached skill level 7 in Dodging
  3955 | D:4      | Reached XP level 8. HP: 31/34 MP: 12/12
  4036 | D:5      | Reached skill level 8 in Dodging
  4102 | D:5      | Identified the +7 spear "Vulinim" {flame, Contam rPois
                  | Str+6 Dex+2}
  4315 | D:5      | Fell from the grace of Zin
  4315 | D:5      | Became a worshipper of Yredelemnul the Dark
  5867 | D:6      | Reached * piety under Yredelemnul
  5881 | D:6      | Reached skill level 10 in Unarmed Combat
  5947 | D:6      | Reached XP level 9. HP: 37/37 MP: 13/13
  6831 | D:6      | Paralysed by the wrath of Zin for 4 turns
  6960 | D:6      | Paralysed by the wrath of Zin for 4 turns
  8738 | D:7      | Found Dom Tila's Tremendous Tomes.
  8965 | D:7      | Found a shimmering blue altar of Sif Muna.
  8995 | D:7      | Found a staircase to the Ecumenical Temple.
  9378 | D:7      | Reached ** piety under Yredelemnul
 11078 | D:8      | Noticed a polar bear
 11165 | D:8      | Killed a polar bear
 11194 | D:8      | Found Kymyf's Jewellery Shoppe.
 11214 | D:8      | Noticed a rime drake
 11256 | D:8      | Killed from afar by a rime drake
 11257 | D:8      | Reached XP level 8. HP: -8/34 MP: 12/12
 11293 | D:8      | Found a staircase to the Lair.
 11299 | D:8      | Killed a rime drake
 11300 | D:8      | Reached XP level 9. HP: 37/37 MP: 13/13
 11352 | D:8      | Was forgiven by Zin
 12062 | D:9      | Reached *** piety under Yredelemnul
 12082 | D:9      | Noticed a +0 short sword
 12082 | D:9      | Noticed a +0 spear
 12082 | D:9      | Noticed a +0 spear
 12082 | D:9      | Noticed a +0 falchion
 12083 | D:9      | Noticed a +0 short sword
 12083 | D:9      | Noticed a +0 dagger
 12083 | D:9      | Noticed a +0 dagger
 12084 | D:9      | Noticed a +0 falchion
 12086 | D:9      | Found a hide-covered altar of Uskayaw.
 12440 | D:9      | Found a blossoming altar of Fedhas.
 12487 | D:9      | Noticed a two-headed ogre
 12540 | D:9      | Killed a two-headed ogre
 12780 | D:9      | Noticed a two-headed ogre
 12806 | D:9      | Reached XP level 10. HP: 22/42 MP: 14/14
 12905 | D:10     | Entered Level 10 of the Dungeon
 12933 | D:10     | Noticed a two-headed ogre
 13125 | D:9      | Reached skill level 1 in Evocations
 13156 | D:9      | Reached skill level 5 in Invocations
 13209 | D:10     | Reached skill level 9 in Dodging
 13242 | D:10     | Noticed Erica
 13263 | D:10     | Noticed Harold
 13327 | D:10     | Found a sparkling altar of Nemelex Xobeh.
 13480 | D:10     | Found a staircase to the Orcish Mines.
 13544 | D:10     | Killed Harold
 13545 | D:10     | Reached skill level 5 in Fighting
 13545 | D:10     | Reached skill level 5 in Stealth
 13835 | D:10     | Killed Erica
 13836 | D:10     | Reached XP level 11. HP: 48/48 MP: 16/16
 13974 | D:10     | Reached skill level 10 in Dodging
 14042 | D:10     | Slain by a swamp worm
 14043 | D:10     | Reached XP level 10. HP: -4/44 MP: 10/15
 14858 | D:11     | Noticed a manticore
 14869 | D:11     | Killed a manticore
 15073 | D:11     | Noticed a sun demon
 15089 | D:11     | Reached skill level 11 in Dodging
 15208 | Lair:1   | Entered Level 1 of the Lair of Beasts
 15213 | Lair:1   | Noticed a black mamba
 15223 | Lair:1   | Killed a black mamba
 15224 | Lair:1   | Reached XP level 11. HP: 21/48 MP: 17/17
 15640 | Lair:1   | Reached skill level 12 in Dodging
 15858 | Lair:1   | Reached skill level 10 in Stealth
 15862 | Lair:1   | Reached **** piety under Yredelemnul
 16042 | Lair:1   | Reached ***** piety under Yredelemnul
 16283 | Lair:1   | Noticed Joseph
 16290 | Lair:1   | Killed Joseph
 16291 | Lair:1   | Reached skill level 13 in Dodging
 16709 | Lair:2   | Found a hole to the Spider Nest.
 16764 | Lair:2   | Noticed a skyshark
 16777 | Lair:2   | Killed a skyshark
 16778 | Lair:2   | Gained mutation: Your thick and shaggy fur keeps you warm.
                  | (AC +3, rC+) [Felid growth]
 16778 | Lair:2   | Reached XP level 12. HP: 33/52 MP: 19/19
 16784 | Lair:2   | Reached skill level 14 in Dodging
 17299 | Lair:2   | Identified the +3 quarterstaff of Foroeqac {freeze, rF+
                  | MP-9 Str+2 Stlth+}
 17503 | Lair:3   | Found a staircase to the Shoals.
 17549 | Lair:3   | Noticed a catoblepas
 17560 | Lair:3   | Killed a catoblepas
 17561 | Lair:3   | Reached skill level 15 in Dodging
 17577 | Lair:3   | Identified the +5 scale mail of Disappointment {+Blink
                  | Will- Dex+4 SInv}
 17663 | Lair:3   | Reached skill level 10 in Invocations
 17763 | Lair:3   | Noticed a death yak
 17768 | Lair:3   | Noticed a death yak
 17771 | Lair:3   | Noticed a death yak
 17776 | Lair:3   | Killed a death yak
 17783 | Lair:3   | Killed a death yak
 17785 | Lair:3   | Killed a death yak
 18560 | Lair:4   | Identified the +9 dagger of Contradiction {freeze, rCorr}
 18641 | Lair:4   | Reached XP level 13. HP: 57/57 MP: 22/22
 18830 | Lair:4   | Reached ****** piety under Yredelemnul
 18982 | Lair:4   | Found a dark tunnel.
 19153 | Lair:5   | Entered Level 5 of the Lair of Beasts
 19763 | Lair:5   | Noticed Rupert
 19792 | Lair:5   | Found a runed translucent door.
 19993 | Lair:5   | Found a shimmering altar of Xom.
 19993 | Lair:5   | Noticed Efoyz's ghost (journeyman HuIE)
 20102 | Lair:5   | Noticed a dire elephant
 20102 | Lair:5   | Noticed a dire elephant
 20102 | Lair:5   | Noticed a dire elephant
 20103 | Lair:5   | Noticed a dire elephant
 20103 | Lair:5   | Noticed a dire elephant
 20117 | Lair:5   | Killed a dire elephant
 20302 | Lair:5   | Killed Rupert
 20302 | Lair:5   | Enslaved Rupert
 20366 | Lair:5   | Noticed a dire elephant
 20373 | Lair:5   | Killed a dire elephant
 20573 | Lair:5   | Reached skill level 15 in Unarmed Combat
 20711 | Lair:5   | Killed a dire elephant
 20712 | Lair:5   | Reached XP level 14. HP: 35/63 MP: 24/24
 20732 | Lair:5   | Your ally Rupert died
 21001 | Lair:5   | Found a viscous altar of Jiyva.
 21001 | Lair:5   | Found a staircase to the Slime Pits.
 21720 | D:7      | Found Dom Tila's Tremendous Tomes.
 21857 | D:7      | Found a staircase to the Ecumenical Temple.
 21910 | D:7      | Found a shimmering blue altar of Sif Muna.
 23125 | D:5      | Found Myekaar's Book Shoppe.
 23193 | D:5      | Found a burning altar of Makhleb.
 23335 | D:5      | Found Voclo's Magic Scroll Emporium.
 23493 | D:5      | Found a basalt altar of Yredelemnul.
 23724 | D:12     | Reached skill level 15 in Stealth
 23943 | D:12     | You fall into a shaft and drop 2 floors!
 24182 | D:13     | Found a large runed translucent door.
 24183 | D:13     | Found a large runed translucent door.
 24184 | D:13     | Noticed Gint's ghost (journeyman HOFi)
 24751 | D:13     | Killed Gint's ghost
 25111 | D:12     | Found a runed translucent door.
 25116 | D:12     | Noticed holysushi's ghost (journeyman FeAr)
 25649 | Orc:1    | Entered Level 1 of the Orcish Mines
 25967 | Orc:1    | Found Relaephi's Armour Emporium.
 25976 | Orc:1    | Reached skill level 16 in Dodging
 26238 | Orc:2    | Entered Level 2 of the Orcish Mines
 26386 | Orc:2    | Found a staircase to the Elven Halls.
 26637 | Orc:2    | Noticed an orc warlord
 26650 | Orc:2    | Killed an orc warlord
 26693 | Orc:2    | Found Qoat Mot's Weapon Shoppe.
 26693 | Orc:2    | Found Lugum's Assorted Antiques.
 26695 | Orc:2    | Found Wuibriv's Armour Emporium.
 26697 | Orc:2    | Found Itsufafa's Antique Weapon Shop.
 26807 | Orc:2    | Bought a scroll of teleportation for 105 gold pieces
 28009 | D:14     | Reached XP level 15. HP: 60/66 MP: 25/25
 28142 | D:14     | Found a gate to the Vaults.
 28268 | D:14     | Reached skill level 17 in Dodging
 28951 | Spider:1 | Entered Level 1 of the Spider Nest
 28951 | Spider:1 | Noticed Aizul
 28952 | Spider:1 | Noticed Mlioglotl
 28953 | Spider:1 | Killed Aizul
 28957 | Spider:1 | Killed Mlioglotl
 29089 | Spider:1 | Noticed an emperor scorpion
 29105 | Spider:1 | Reached skill level 18 in Dodging
 29110 | Spider:1 | Killed an emperor scorpion
 29291 | Spider:1 | Noticed Roxanne
 29783 | Spider:2 | You fall into a shaft and drop 1 floor!
 29829 | Spider:3 | Reached skill level 19 in Dodging
 30371 | Spider:3 | Noticed an emperor scorpion
 30381 | Spider:3 | Killed an emperor scorpion
 30416 | Spider:3 | Noticed an emperor scorpion
 30429 | Spider:3 | Killed an emperor scorpion
 30430 | Spider:3 | Reached XP level 16. HP: 45/73 MP: 24/26
 30437 | Spider:3 | Reached skill level 10 in Fighting
 31063 | Spider:4 | Entered Level 4 of the Spider Nest
 32260 | Spider:4 | Reached skill level 20 in Dodging
 32531 | Spider:4 | Reached skill level 21 in Dodging
 32583 | Spider:4 | Got a gossamer rune of Zot
 32587 | Spider:4 | Identified the +2 hat "Izais" {Regen+ Dex+3 Slay-5}
 33365 | Slime:1  | Entered Level 1 of the Pits of Slime
 33365 | Slime:1  | Noticed an acid blob
 33374 | Slime:1  | Killed an acid blob
 34079 | D:15     | Entered Level 15 of the Dungeon
 34127 | D:15     | Reached XP level 17. HP: 26/79 MP: 27/27
 34258 | D:15     | Found a staircase to the Depths.
 34945 | D:15     | Found a glowing silver altar of Zin.
 34945 | D:15     | Found a glowing golden altar of the Shining One.
 34945 | D:15     | Found a white marble altar of Elyvilon.
 35286 | Shoals:1 | Entered Level 1 of the Shoals
 35944 | Shoals:1 | Found a transporter.
 35948 | Shoals:1 | Found a transporter.
 35954 | Shoals:1 | Noticed Mofoompusch's ghost (adept NaCA)
 35954 | Shoals:1 | Found the ring of the Octopus King
 36025 | Shoals:1 | Mangled by a spectral snapping turtle
 36026 | Shoals:1 | Reached XP level 16. HP: -7/74 MP: 9/26
 36162 | Shoals:1 | Killed Mofoompusch's ghost
 36168 | Shoals:1 | Identified a ring of the Octopus King {rCorr HP+2 AC+2 EV+2
                  | SH+2}
 36997 | Shoals:2 | Found a runed translucent gate.
 36998 | Shoals:2 | Found a runed translucent gate.
 36999 | Shoals:2 | Found a runed translucent gate.
 37284 | Shoals:2 | Noticed Zilibas's ghost (adept MiBe)
 37542 | Shoals:2 | Identified the +8 plate armour of Xual {rPois Str+2 Int+5
                  | Dex-2}
 37935 | Shoals:3 | Noticed Donald
 37949 | Shoals:3 | Demolished by Donald
 37950 | Shoals:3 | Reached XP level 15. HP: -15/77 MP: 23/25
 37973 | Shoals:3 | Killed Donald
 38491 | Shoals:4 | Entered Level 4 of the Shoals
 38491 | Shoals:4 | Noticed Kirke
 38504 | Shoals:4 | Killed Kirke
 38563 | Shoals:4 | Reached XP level 16. HP: 49/79 MP: 26/26
 38734 | Shoals:4 | Paralysed by an air elemental for 1 turns
 38766 | Shoals:4 | Noticed a storm dragon
 38772 | Shoals:4 | Mangled by a cyclops

Illustrated notes

Levels and vault maps discovered:
D:1:      lemuel_arrival_cross, layout_basic, serial_glass, glass_columns_a,
          glass_columns_a, due_unseen_surprise, minmay_strange_pillars,
          serial_shops, shop, grunt_decor_mini_mirrors
D:2:      layout_loops_corners, shapermc_ecumenical_altar_starsandcircs,
          grunt_ministairs_3
D:3:      layout_basic, okawaru_ov_weapons_minmay
D:4:      layout_loops_ring, kennysheep_little_box, xom_confusion_cloud,
          uniq_pikel, uniq_grinder
D:5:      layout_rooms, yredelemnul_altar_generic, lemuel_round_altar,
          serial_shops, nicolae_inconvenience_store,
          nicolae_shop_advertising_works [nicolae_subvault_shop_adworks]
D:6:      layout_basic, minmay_misc_feat_room, hangedman_abyss_or_decor_slice,
          chequers_avenue
D:7:      layout_basic, marbit_many_paths, minmay_temple_entry_grid,
          nicolae_shop_i_like_big_books, abandoned_shop,
          minmay_stone_trees_small
D:8:      layout_rooms, hellmonk_lair_entry_icy, serial_shops, shop
D:9:      layout_loops_corners, general_overflow_altar,
          nicolae_uskayaw_en_pointe, evilmike_minifort
D:10:     layout_cave_pools, mainiacjoe_overflow_catwalk, zombieorc1_lemuel,
          hangedman_decor_growths, worms_lemuel, uniq_harold, uniq_erica
D:11:     layout_roguey, hangedman_decor_clover_reticule
D:12:     dragon1_lemuel, layout_loops_ring, hellmonk_ghost_big_iron
D:13:     layout_roguey, ebering_ghost_disaster_area, david_defended_altar_orc
D:14:     layout_irregular_city, david_vaults_4, serial_undead, serial_undead_e,
          serial_undead_f, serial_undead_d, serial_undead_d, serial_undead_b,
          serial_undead_d, serial_undead_f, minivault_14
D:15:     grunt_enter_depths_snipers, layout_small_grid, good_gods_mini_temple
Lair:1:   layout_layer_cave, nicolae_lair_grazing_beasts
          [nicolae_sub_lair_graze_edge, nicolae_sub_lair_graze_edge,
          nicolae_sub_lair_graze_edge, nicolae_sub_lair_graze_edge], uniq_joseph
Lair:2:   layout_misc_corridors, hellmonk_spider_entry_life_and_decay
Lair:3:   layout_gridlike, minmay_shoals_entry_beasts, grunt_megastairs_4
Lair:4:   layout_misc_corridors, nicolae_volcano_entry_batcave
Lair:5:   due_jungle_book, layout_long_grid, dpeg_slime_entry_enclosed,
          ebering_ghost_xom, kilobyte_rumbling_trees, grunt_megastairs_3,
          serial_bayou_shore_a, serial_bayou_shore_b, uniq_rupert
Shoals:1: layout_shoals, ebering_ghost_davey_jones
Shoals:2: layout_shoals, ebering_ghost_rock_garden, ldierk_geyser,
          hangedman_shoals_cup_caves
Shoals:3: layout_shoals, uniq_donald
Shoals:4: shoals_end_hellmonk_storm_palace [storm_palace_center_circular,
          storm_palace_corner_grid, storm_palace_corner_narrow,
          storm_palace_corner_blocked, storm_palace_corner_pillars], uniq_kirke,
          uniq_polyphemus
Spider:1: layout_spider_delve, uniq_mlioglotl, uniq_aizul, uniq_roxanne
Spider:2: layout_spider_delve
Spider:3: layout_spider_delve, hellmonk_narrow_tunnel
Spider:4: grunt_spider_rune_parallel
Slime:1:  layout_caves
Orc:1:    layout_caves, serial_shops, shop
Orc:2:    st_orc_rangers, layout_diamond_mine, nicolae_orc_tapped_out

Skill      XL: |  1  2  3  4  5  6  7  8  9 10 11 12 13 14 15 16 17 |
---------------+----------------------------------------------------+-----
Unarmed Combat | 4 5 6 8 13 14 15 16 17 18 | 18.6
Invocations    | 1 2 3 4 7 9 10 12 | 12.9
Dodging        | 7 8 11 13 15 16 19 21 | 21.7
Stealth        | 8 10 11 14 16 18 | 18.0
Fighting       | 6 7 8 14 13 | 14.0
Evocations     | 2 3 |  3.0

Action                     |  1- 3 |  4- 6 |  7- 9 | 10-12 | 13-15 | 16-18 || total
---------------------------+-------+-------+-------+-------+-------+-------++-------
  Melee: Unarmed           |    73 |   199 |   439 |   555 |  1107 |   795 ||  3168
         Bite              |     8 |    19 |    49 |    86 |   200 |   126 ||   488
         Punch             |     3 |     5 |    38 |    66 |   165 |   123 ||   400
 Invoke: Vitalisation      |       |     1 |       |       |       |       ||     1
         Recite            |       |     3 |    15 |       |       |       ||    18
         Recall Undead Har |       |       |     4 |    22 |    47 |    13 ||    86
         Dark Bargain      |       |       |     1 |     8 |    21 |    22 ||    52
         Bind Soul         |       |       |       |     1 |     6 |     3 ||    10
  Evoke: Wand              |       |       |    10 |     8 |    16 |    16 ||    50
         Condenser vane    |       |       |       |     2 |     5 |     4 ||    11
         Phantom mirror    |       |       |       |     1 |     5 |     3 ||     9
         Phial of floods   |       |       |       |       |       |     1 ||     1
    Use: Scroll            |       |       |    13 |     1 |    14 |     5 ||    33
         Potion            |       |       |     5 |     1 |     3 |    10 ||    19
   Stab: Sleeping          |     7 |    12 |     5 |    14 |    51 |    28 ||   117
         Confused          |       |       |     2 |       |     2 |     2 ||     6
         Distracted        |       |       |     2 |    14 |    28 |    31 ||    75
         Paralysed         |       |       |       |       |     1 |       ||     1
         Invisible         |       |       |       |       |     3 |       ||     3
         Petrified         |       |       |       |       |       |     4 ||     4
         Petrifying        |       |       |       |       |       |     1 ||     1
 Armour: Skin              |       |    27 |    43 |    34 |    83 |    43 ||   230
  Dodge: Dodged            |    55 |   168 |   401 |   490 |  1289 |  1124 ||  3527
  Block: Other             |     1 |       |       |       |     6 |    15 ||    22

Table legend: (Time is in decaauts)
 A = Elapsed time spent in this place.
 B = Non-inter-level travel time spent in this place.
 C = Inter-level travel time spent in this place.
 D = Time resting spent in this place.
 E = Time spent auto-exploring this place.
 F = Levels seen in this place.
 G = Mean time per level.
                   A        B        C        D        E       F      G
               +--------+--------+--------+--------+--------+-----+--------+
         Total |  33279 |  31157 |   2122 |   7808 |  14130 |  31 | 1073.5 |
       Dungeon |  19346 |  18105 |   1241 |   5624 |   8160 |  15 | 1289.7 |
          Lair |   5706 |   5144 |    562 |    748 |   2488 |   5 | 1141.2 |
        Shoals |   3157 |   3052 |    105 |    835 |    872 |   4 |  789.2 |
   Spider Nest |   3621 |   3442 |    179 |    467 |   1879 |   4 |  905.2 |
    Slime Pits |     21 |     21 |      0 |      0 |      0 |   1 |   21.0 |
  Orcish Mines |   1426 |   1395 |     31 |    132 |    730 |   2 |  713.0 |
               +--------+--------+--------+--------+--------+-----+--------+

Top non-repeatable levels by time:
     D:6: 3469 daAuts
     D:7: 2946 daAuts
  Lair:5: 2038 daAuts
     D:5: 1933 daAuts
     D:9: 1610 daAuts
Shoals:1: 1375 daAuts
  Lair:1: 1284 daAuts
Spider:3: 1139 daAuts
    D:10: 1117 daAuts
    D:14: 1098 daAuts
    D:13: 1035 daAuts
Spider:4: 957 daAuts
     D:8: 949 daAuts
   Orc:2: 946 daAuts
Spider:2: 865 daAuts
